 Dungeon Crawl Stone Soup version 0.32-a0-870-g877066f4b4 (webtiles) character file.

Game seed: 6116194297020071783

28 Asagix the Chopper (level 2, -6/6 HPs)
             Began as a Demonspawn Gladiator on Mar 29, 2024.
             Killed by nerve-wracking pain
             ... invoked by Jessica
              (12 damage)
             ... on level 2 of the Dungeon.
             The game lasted 00:02:49 (1024 turns).

Asagix the Chopper (Demonspawn Gladiator)           Turns: 1024, Time: 00:02:49

Health: -6/6       AC:  1    Str: 14    XL:     2   Next: 96%
Magic:  2/2        EV: 16    Int:  8    God:
Gold:   34         SH:  0    Dex: 14    Spells: 1/1 levels left

rFire   . . .        a - melded +0 war axe
rCold   . . .        (shield currently unavailable)
rNeg    . . .        h - melded +0 ring mail
rPois   .            c - +0 helmet
rElec   .            (no cloak)
rCorr   .            (no gloves)
SInv    .            (no boots)
Will    .....        (no amulet)
Stlth   +            (no ring)
HPRegen 0.21/turn    (no ring)
MPRegen 0.08/turn

%: no passive effects
@: flux-form, glowing
A: glow, contaminating, reduced hp, claws 1
a: Begin Untransformation


You were on level 2 of the Dungeon.
You were something dangerously unstable.
You visited 1 branch of the dungeon, and saw 2 of its levels.

You collected 34 gold pieces.

Inventory:

Hand Weapons
 a - a +0 war axe (melded)
 g - a +0 club
Missiles
 d - 3 throwing nets (quivered)
 e - 7 javelins
Armour
 b - a +0 leather armour
 c - a +0 helmet (worn)
 h - a +0 ring mail (melded)
Talismans
 l - a flux talisman (active)
Scrolls
 f - a scroll of identify {unknown}
 i - a scroll of revelation {unknown}
 j - a scroll of noise {unknown}
 k - a scroll of summoning {unknown}


   Skills:
 + Level 2.2 Fighting
 + Level 3.3 Axes
 + Level 1.8 Throwing
 + Level 0.3 Armour
 + Level 2.9 Dodging
 + Level 0.1 Stealth


You had one spell level left.
You didn't know any spells.
Your spell library contained the following spells:

 Spells                   Type           Power      Damage    Failure   Level
 Blink                    Tloc           0%         N/A       54%         2
 Lesser Beckoning         Tloc           0%         N/A       54%         2
 Momentum Strike          Conj/Tloc      0%         3d8       54%         2


Dungeon Overview and Level Annotations

Branches:
Dungeon (2/15)

Altars:

Annotations:
D:2 Jessica


Innate Abilities, Weirdness & Mutations

You are something dangerously unstable.
You glow with magical radiation, making you easy to see and hit.
Foes you strike become dangerously contaminated with magical radiation.
Your maximum health is decreased, since you lack skill for your form.
You are incapable of wielding weapons or throwing items.
You have sharp fingernails.


Message History

You see here a bat corpse.
You now have 34 gold pieces (gained 7).
Done exploring.
Done exploring.
You open the door.
Things that are here:
a jackal skeleton; a bat skeleton; a jackal skeleton
There is a stone staircase leading down here.
There is a stone staircase leading down here.
You climb downwards.
There is a stone staircase leading up here.
There is a stone staircase leading up here.
A hobgoblin comes into view.
The hobgoblin shouts!
The hobgoblin hits you.
You scratch the hobgoblin.
The hobgoblin begins to glow.
The hobgoblin is moderately wounded.
The hobgoblin misses you.
You scratch the hobgoblin but do no damage.
The hobgoblin glows dangerously bright.
The hobgoblin is moderately wounded.
The hobgoblin misses you.
You scratch the hobgoblin.
The hobgoblin shudders as magic cascades through it.
You kill the hobgoblin!
You see here a hobgoblin corpse.
HP restored.
Found a stone staircase leading down.
You pick up a book of Spatial Translocations and begin reading...
You add the spells Blink, Momentum Strike and Lesser Beckoning to your library.
You can't memorise that many levels of magic yet!
You don't know any spells.
You can't memorise that many levels of magic yet!
Found a robe.
Jessica the Apprentice Sorceress comes into view.
She is wielding a +0 club.
Jessica shouts!
Jessica casts a spell at you. Pain shoots through your body!
Ouch! That really hurt!
You die...

#. ###### ########
#....#####.......
+.>........######
#....####..# #....#
#..... #....#
#...###
###....####.....
#.p.......##..#.#
#....##.####.##..#.#
#.... #.# ....# #
#.... #[# # #....
... #...@ ..# .#.#.
.# #.#.#. .#


You could see Jessica.

Vanquished Creatures
  A dart slug (D:1)
  3 ball pythons (D:1)
  3 endoplasms (D:1)
  A giant cockroach (D:1)
  3 goblins (D:1)
  2 hobgoblins
  2 jackals (D:1)
  3 bats (D:1)
  4 frilled lizards (D:1)
  2 kobolds (D:1)
24 creatures vanquished.

Notes
Turn   | Place    | Note
-------+----------+-------------------------------------------
     0 | D:1      | Asagix the Demonspawn Gladiator began the quest for the
                  | Orb.
     0 | D:1      | Reached XP level 1. HP: 16/16 MP: 1/1
   118 | D:1      | Gained mutation: You have sharp fingernails. [demonic
                  | ancestry]
   118 | D:1      | Reached XP level 2. HP: 20/22 MP: 2/2
   159 | D:1      | Reached skill level 3 in Axes
  1024 | D:2      | Noticed Jessica
  1024 | D:2      | Killed from afar by Jessica

Illustrated notes

Levels and vault maps discovered:
D:1:      eino_arrival_druids_welcome, layout_basic
D:2:      layout_basic, uniq_jessica

Skill      XL: |  1  2 |
---------------+-------+-----
Axes           | 3 |  3.3
Fighting       | |  2.2
Throwing       | |  1.8
Armour         | |  0.3
Dodging        | |  2.9
Stealth        | |  0.1

Action                     || total
---------------------------++-------
  Melee: War axe           ||    50
         Unarmed           ||     5
 Armour: Leather armour    ||    17
         Ring mail         ||    14
         Skin              ||     2
  Dodge: Dodged            ||    45
   Form: Flux              ||     1

Table legend: (Time is in decaauts)
 A = Elapsed time spent in this place.
 B = Non-inter-level travel time spent in this place.
 C = Inter-level travel time spent in this place.
 D = Time resting spent in this place.
 E = Time spent auto-exploring this place.
 F = Levels seen in this place.
 G = Mean time per level.
                   A        B        C        D        E       F      G
               +--------+--------+--------+--------+--------+-----+--------+
         Total |   1042 |   1042 |      0 |     27 |    714 |   2 |  521.0 |
       Dungeon |   1042 |   1042 |      0 |     27 |    714 |   2 |  521.0 |
               +--------+--------+--------+--------+--------+-----+--------+

Top non-repeatable levels by time:
     D:1: 975 daAuts
     D:2: 66 daAuts
